 Dungeon Crawl Stone Soup version 0.30-a0-587-gfd7c166f36 (webtiles) character file.

Game seed: 14156733528961908333

86 Citaku the Covered (level 4, 0/40 HPs)
             Began as a Minotaur Fighter on Jan 4, 2023.
             Slain by a river rat (4 damage)
             ... in a sewer.
             The game lasted 00:02:48 (2212 turns).

Citaku the Covered (Minotaur Fighter)               Turns: 2212, Time: 00:02:48

Health: 0/40       AC:  0    Str: 22    XL:     4   Next: 26%
Magic:  3/3        EV:  9    Int:  5    God:
Gold:   105        SH:  4    Dex: 10    Spells: 3/3 levels left

rFire   . . .      SeeInvis .    a - +0 war axe
rCold   . . .      Faith    .    c - +0 buckler
rNeg    . . .      Spirit   .    b - +0 scale mail
rPois   .          Reflect  .    (helmet restricted)
rElec   .          Harm     .    (no cloak)
rCorr   .          Rampage  .    (no gloves)
Will    .....                    (no boots) Stlth
                                 (no amulet)
HPRegen 0.26/turn                (no ring)
MPRegen 0.08/turn                (no ring)

@: corroded, very slow
A: horns 2, retaliatory headbutt
a: no special abilities


You were in a sewer.
You visited 1 branch of the dungeon, and saw 3 of its levels.
You also visited: Sewer.

You collected 105 gold pieces.

Inventory:

Hand Weapons
 a - a +0 war axe (weapon)
Armour
 b - a +0 scale mail (worn)
 c - a +0 buckler (worn)
Jewellery
 g - an amulet of the acrobat
 j - a +6 ring of intelligence
Scrolls
 e - 3 scrolls of amnesia {unknown}
 k - 2 scrolls of identify {unknown}
 m - a scroll of teleportation {unknown}
 o - a scroll of enchant weapon {unknown}
 p - a scroll of magic mapping {unknown}
 q - a scroll of fog {unknown}
 s - a scroll of fear {unknown}
Potions
 d - a potion of might
 f - 2 potions of lignification {unknown}
 h - a potion of flight {unknown}
 i - a potion of attraction {unknown}
 l - 2 potions of curing {unknown}
 n - a potion of cancellation {unknown}
 r - a potion of haste {unknown}
 t - a potion of heal wounds {unknown}


   Skills:
 + Level 4.2 Fighting
 * Level 3.6 Axes
 * Level 4.6 Armour
 + Level 4.1 Shields


You had 3 spell levels left.
You didn't know any spells.
Your spell library was empty.

Dungeon Overview and Level Annotations

Branches:
Dungeon (3/15)              Sewer (1/1)

Altars:


Innate Abilities, Weirdness & Mutations

You have a pair of horns on your head.
You reflexively headbutt those who attack you in melee.


Message History

Moving in this stuff is going to be slow.
The endoplasm barely misses you. You furiously retaliate!
You headbutt the endoplasm!
You kill the endoplasm!
You see here an adder corpse.
Found a gate leading back out of this place.
A river rat comes into view. 2 jellies come into view.
The jelly quivers. x2
You enter the shallow water.
Moving in this stuff is going to be slow.
Found a murky black potion and a scroll labelled BUSEULUODWO.
The river rat bites you. You block the river rat's attack.
The river rat completely misses you.
Your unstable footing causes you to fumble your attack.
The jelly hits you but does no damage.
The river rat bites you but does no damage.
Your unstable footing causes you to fumble your attack.
You block the jelly's attack.
The river rat bites you but does no damage.
The jelly hits you.
You are splashed with acid.
The river rat closely misses you.
You barely miss the river rat. You headbutt the river rat!
The river rat is almost dead.
You hit the jelly. The acid corrodes you!
Your hands burn!
The jelly barely misses you. The river rat barely misses you.
Your unstable footing causes you to fumble your attack.
The jelly closely misses you. The river rat barely misses you.
You barely miss the river rat. Your headbutt misses the river rat.
The river rat is almost dead.
You hit the jelly but do no damage. The acid corrodes you!
Your hands burn!
The jelly hits you.
You are splashed with acid.
You block the river rat's attack. The jelly hits you.
You are splashed with acid.
* * * LOW HITPOINT WARNING * * *
The river rat bites you!
* * * LOW HITPOINT WARNING * * *
Your unstable footing causes you to fumble your attack.
The jelly barely misses you. The river rat bites you.
You die...

##### ## ##.~~# #~
#~~.~ ##. #.~# ###~.
####.~## ##~~.~
##....~.####~...~
####.~~†.~..##.~.~##
##.J~.~~###.~~~~~~##
#~Jr@~~## ##~.†~†##
#~.~~~##..# ##....#
.....#
#.~##~~.~~..~# !.~.~
#.~~##~.~~.~..# ?.~~
##∩.~.~...~#~~~# ###
##~.~~#~~.##~.~.
#####..## #... ..~#
### ~.~#


You could see 2 jellies and a river rat.

Vanquished Creatures
  3 adders
  A river rat (Sewer)
  A bat (D:2)
  13 endoplasms
  6 giant cockroaches
  4 goblins
  A hobgoblin (D:1)
  A quokka (D:1)
  4 ball pythons
  4 kobolds
  9 rats
47 creatures vanquished.

Notes
Turn   | Place    | Note
-------+----------+-------------------------------------------
     0 | D:1      | Citaku the Minotaur Fighter began the quest for the Orb.
     0 | D:1      | Reached XP level 1. HP: 19/19 MP: 0/0
   199 | D:1      | Reached XP level 2. HP: 24/27 MP: 1/1
   929 | D:2      | Found a faded altar of an unknown god.
  1855 | D:3      | Reached XP level 3. HP: 26/33 MP: 2/2
  1970 | D:3      | Found a glowing drain.
  1982 | Sewer    | Entered a sewer
  2107 | Sewer    | Reached XP level 4. HP: 30/40 MP: 3/3
  2212 | Sewer    | Slain by a river rat

Illustrated notes

Levels and vault maps discovered:
D:1:      lemuel_arrival_rhombus, layout_basic, kennysheep_flooded_box
D:2:      layout_basic, basic_altar, hellmonk_ecumenical_altar_run_dry,
          hangedman_abyss_or_decor_stabs
D:3:      layout_basic, chequers_temple_overflow_statue_of_worship,
          portal_sewer_entry_d
Sewer:    sewer_hellmonk_slimy_pipes

Skill      XL: |  1  2  3 |
---------------+----------+-----
Armour         | 4 |  4.6
Fighting       | 4 |  4.2
Axes           | 3 |  3.6
Shields        | 4 |  4.1

Action                   |  1- 3 |  4- 6 || total
-------------------------+-------+-------++-------
Melee: War axe           |    85 |    15 ||   100
       Headbutt          |     9 |     3 ||    12
Armor: Scale mail        |    59 |     8 ||    67
Dodge: Dodged            |    66 |    14 ||    80
Block: Buckler           |    26 |     4 ||    30

Table legend: (Time is in decaauts)
 A = Elapsed time spent in this place.
 B = Non-inter-level travel time spent in this place.
 C = Inter-level travel time spent in this place.
 D = Time resting spent in this place.
 E = Time spent auto-exploring this place.
 F = Levels seen in this place.
 G = Mean time per level.
                   A        B        C        D        E       F      G
               +--------+--------+--------+--------+--------+-----+--------+
         Total |   2276 |   2276 |      0 |      0 |   1776 |   4 |  569.0 |
       Dungeon |   2008 |   2008 |      0 |      0 |   1677 |   3 |  669.3 |
         Sewer |    268 |    268 |      0 |      0 |     99 |   1 |  268.0 |
               +--------+--------+--------+--------+--------+-----+--------+

Top non-repeatable levels by time:
     D:2: 960 daAuts
     D:1: 907 daAuts
   Sewer: 268 daAuts
     D:3: 140 daAuts
